 Dungeon Crawl Stone Soup version 0.27-a0-1513-g2aaa0cc67b (webtiles) character file.

Game seed: 3393773011120967188

26091 robertstho the Thaumaturge (level 13, -2/92 HPs)
             Began as a Djinni Fire Elementalist on July 9, 2021.
             Was an Initiate of Gozag.
             Shot with an arrow by a centaur warrior (17 damage)
             ... on level 14 of the Dungeon.
             The game lasted 00:31:52 (11584 turns).

robertstho the Thaumaturge (DjFE)                  Turns: 11584, Time: 00:31:53

Health: -2/92      AC: 15    Str:  7    XL:     13   Next: 55%
Gold:   1242       EV: 17    Int: 21    God:    Gozag SH:  0 Dex: 15

rFire    + + +     SeeInvis .   N - +3 battleaxe (flame)
rCold    x . .     Faith    .   (shield currently unavailable)
rNeg     . . .     Spirit   .   e - +2 leather armour "Lyvvuhy" {rF+ Will+}
rPois    ∞         Reflect  .   A - +2 hat
rElec    .         Harm     .   c - +0 cloak
rCorr    .         Rampage  .   O - +2 pair of gloves
Will     ++...                  (boots unavailable)
Stlth    ++........             i - amulet of regeneration
HPRegen  1.25/turn              y - +4 ring of evasion
MPRegen  0.00/turn              b - +4 ring of protection

@: forested, flying, studying Polearms
A: sickness immunity, fire resistance 2, cold vulnerability 1, float, innate
caster, hp casting, extra vitality 1
a: Renounce Religion, Potion Petition, Call Merchant, Bribe Branch


You were on level 14 of the Dungeon.
You worshipped Gozag.
Gozag was most pleased with you.
You visited 2 branches of the dungeon, and saw 15 of its levels.

You collected 2761 gold pieces.
You spent 294 gold pieces at shops.
You paid 1225 gold pieces to Gozag.

Inventory:

Hand Weapons
 o - a +2 short sword of speed
 B - a +3 long sword of freezing
 K - a +3 scimitar of flaming
 N - a +3 battleaxe of flaming (weapon)
Missiles
 P - a curare-tipped dart
Armour
 a - a +0 robe
 c - a +0 cloak (worn)
 e - the +2 leather armour "Lyvvuhy" (worn) {rF+ Will+}
   (You found it on level 13 of the Dungeon)

   rF:        It protects you from fire.
   Will:      It increases your willpower.
 m - a +0 kite shield
 A - a +2 hat (worn)
 O - a +2 pair of gloves (worn)
Jewellery
 b - a +4 ring of protection (right hand)
 i - an amulet of regeneration (around neck)
 y - a +4 ring of evasion (left hand)
 L - an amulet of reflection
Wands
 g - a wand of acid (15)
 t - a wand of charming (15)
 v - a wand of digging (5)
 w - a wand of iceblast (10)
Scrolls
 j - 3 scrolls of fog
 k - 5 scrolls of enchant armour
 q - a scroll of immolation
 E - 2 scrolls of identify
 F - a scroll of torment
 H - 3 scrolls of magic mapping
 I - 9 scrolls of teleportation
 J - a scroll of holy word
 M - a scroll of vulnerability
Potions
 d - 5 potions of brilliance
 f - 5 potions of haste
 l - 2 potions of might
 p - a potion of resistance {unknown}
 r - a potion of berserk rage {unknown}
 s - a potion of lignification
 x - a potion of degeneration {unknown}
 z - 4 potions of attraction
 C - 2 potions of mutation
 D - 3 potions of ambrosia
 G - a potion of curing
Miscellaneous
 h - a box of beasts


   Skills:
 * Level 7.9 Fighting
 + Level 1.0(1.1) Short Blades
 + Level 0.8(1.1) Long Blades
 + Level 0.3 Axes
 + Level 0.4 Armour
 + Level 5.6 Dodging
 + Level 4.1 Stealth
 * Level 14.6 Spellcasting
 + Level 0.6 Evocations


You had 6 spell levels left.
You knew the following spells:

 Your Spells              Type           Power      Damage    Failure   Level
a - Foxfire               Conj/Fire      100%       2x1d9     0%          1
b - Conjure Flame         Conj/Fire      67%        6-21      1%          3
c - Inner Flame           Hex/Fire       67%        N/A       1%          3
d - Sticky Flame          Conj/Fire      67%        2d8       1%          4
e - Fireball              Conj/Fire      33%        3d14      1%          5
f - Animate Skeleton      Necr           100%       N/A       0%          1
g - Ensorcelled Hibernat  Hex/Ice        100%       N/A       1%          2
h - Searing Ray           Conj           100%       3d7       1%          2
i - Animate Dead          Necr           33%        N/A       1%          4
j - Summon Forest         Summ/Tloc      33%        N/A       1%          5
k - Lee's Rapid Deconstr  Erth           33%        3d18*     1%          5
Your spell library was empty.

Dungeon Overview and Level Annotations

Branches:
Dungeon (14/15)            Temple (1/1) D:7            Lair (0/6) D:8
    Orc (0/2) D:10         Vaults (0/5) D:14

Altars:
Ashenzari
Cheibriados
Dithmenos
Elyvilon
Fedhas
Gozag
Kikubaaqudgha
Makhleb
Qazlal
Ru
Sif Muna
Trog
Wu Jian
Xom

Shops:
D:9 ?


Innate Abilities, Weirdness & Mutations

You are immune to sickness and miasma.
You are immune to poison.
Your flesh is very heat resistant. (rF++)
You are vulnerable to cold. (rC-)
You float through the air rather than walking.
You learn spells naturally, not from books.
Your magical power is your life essence.
You have superior vitality. (+4 HP)


Message History

Your dryad dies!
Your dryad's corpse disappears in a puff of smoke!
The forest abruptly stops moving.
The centaur warrior shoots an arrow.
The arrow hits you!
Unknown command.
Casting: Fireball (mildly dangerous; 1% risk of failure)
Confirm with . or Enter, or press ? or * to list all spells.
Aiming: Fireball (mildly dangerous; 1% risk of failure)
Press: ? - help, Shift-Dir - straight line, f - centaur warrior
Aim: a centaur warrior, wielding a +0 longbow and quivering arrows (lightly wounded, fast)
The fireball explodes!
The fireball engulfs the centaur warrior!!
The centaur warrior is heavily wounded.
The centaur warrior shoots an arrow.
The arrow hits you!
* * * LOW HITPOINT WARNING * * *
The centaur warrior shoots an arrow.
The arrow misses you.
The arrow hits the +5 long sword!!
The +5 long sword hits you.
* * * LOW HITPOINT WARNING * * *
You feel much better.
The centaur warrior shoots an arrow.
The arrow hits you!
* * * LOW HITPOINT WARNING * * *
The +5 long sword completely misses you.
The centaur warrior shoots an arrow.
The arrow hits you!
* * * LOW HITPOINT WARNING * * *
Blink to where?
Press: ? - help, Dir - move target, p - centaur warrior
As you read the scroll of blinking, it crumbles to dust.
You feel better.
Okay, then.
Okay, then.
You feel better.
The centaur warrior shoots an arrow.
The arrow hits you!!
* * * LOW HITPOINT WARNING * * *
The centaur warrior shoots an arrow.
The arrow hits you.
* * * LOW HITPOINT WARNING * * *
Blink to where?
Press: ? - help, Dir - move target
As you read the scroll of blinking, it crumbles to dust.
Okay, then.
You feel better.
The centaur warrior shoots an arrow.
The arrow hits you!
You die...
Your body crumbles into a pile of gold.

$ $########...
$ +..@......# $
.......#####.##
######.# #c#
♣.♣ #..♣ #. ###
##♣.##♣#.♣#
##..
#...c.....#
#...
#.......♣.♣ ..#
#.....O.♣.#♣.#


You could see a centaur warrior (fast).

Vanquished Creatures
  Frances (D:12)
  Gastronok (D:8)
  Snorg (D:12)
  2 hydras
  Harold (D:7)
  An ogre mage (D:11)
  A centaur warrior (D:13)
  4 two-headed ogres
  A tengu warrior (D:11)
  A manticore (D:11)
  2 ugly things (D:11)
  A cyclops (D:11)
  Maurice (D:8)
  2 centaur zombies
  A gargoyle (D:13)
  2 kobold demonologists (D:13)
  An unseen horror (D:12)
  A komodo dragon (D:11)
  3 trolls
  3 meliai (D:14)
  A hornet (shapeshifter) (D:13)
  5 slime creatures
  2 vampires
  2 wyverns
  A shadow (D:10)
  2 wraiths
  5 yaks
  5 vampire mosquitoes
  Grum (D:8)
  A two-headed ogre zombie (D:10)
  A water moccasin (D:7)
  4 orc warriors
  A sky beast (D:8)
  2 necrophages (D:5)
  3 ogres
  3 wolves
  6 centaurs
  3 phantoms
  A bullfrog (D:7)
  5 kobold brigands
  2 gnoll sergeants
  4 scorpions
  A wyvern zombie (D:8)
  A water moccasin skeleton (D:6)
  6 killer bees (D:11)
  3 troll zombies (D:10)
  A vampire bat (D:12)
  8 wights
  An electric eel (D:8)
  4 howler monkeys
  7 hounds
  2 gnoll shamans
  3 jellies
  6 orc priests
  Crazy Yiuf (D:7)
  An iguana (D:6)
  11 orc wizards
  2 killer bee zombies
  4 ogre zombies (D:10)
  A hound skeleton (D:4)
  A howler monkey zombie (D:11)
  Robin (D:3)
  17 gnolls
  2 howler monkey skeletons (D:5)
  4 adders
  A white imp (D:6)
  2 worms (D:2)
  A dart slug (D:3)
  38 orcs
  5 endoplasms
  3 giant cockroaches
  11 goblins
  3 hobgoblins
  3 jackals (D:3)
  3 quokkas
  6 ball pythons
  11 bats
  2 frilled lizards
  3 goblin skeletons (D:10)
  A hobgoblin skeleton (D:10)
  5 hobgoblin zombies (D:10)
  23 kobolds
  4 orc skeletons (D:10)
  12 orc zombies (D:10)
  3 rats
319 creatures vanquished.

Vanquished Creatures (collateral kills)
  A centaur warrior (D:12)
  A wolf spider (D:11)
  4 cyclopes
  An ugly thing (D:13)
  A shining eye (shapeshifter) (D:11)
  A centaur zombie (D:11)
  An unseen horror (D:13)
  An efreet (D:11)
  A komodo dragon (shapeshifter) (D:13)
  A troll (D:13)
  2 shadows
  A vampire (D:11)
  2 vampire mosquitoes (D:12)
  2 centaurs (D:12)
  A bullfrog skeleton (D:5)
21 creatures vanquished.

Vanquished Creatures (others)
  A yak (D:5)
  An iguana (D:5)
  443 foxfires
  A fungus (D:7)
  2 snaplasher vines (D:11)
448 creatures vanquished.

Grand Total: 788 creatures vanquished

Notes
Turn   | Place    | Note
-------+----------+-------------------------------------------
     0 | D:1      | robertstho the Djinni Fire Elementalist began the quest for
                  | the Orb.
     0 | D:1      | Reached XP level 1. HP: 15/15 MP: 0/0
   827 | D:1      | Reached XP level 2. HP: 19/22 MP: 0/0
  1299 | D:2      | Found a faded altar of an unknown god.
  1490 | D:2      | Reached skill level 3 in Spellcasting
  1490 | D:2      | Reached XP level 3. HP: 22/26 MP: 0/0
  1490 | D:2      | Learned a level 1 spell: Animate Skeleton
  1663 | D:2      | Reached skill level 1 in Fighting
  2497 | D:3      | Reached XP level 4. HP: 32/32 MP: 0/0
  2627 | D:3      | Noticed Robin
  2633 | D:3      | Killed Robin
  2732 | D:3      | Reached XP level 5. HP: 10/37 MP: 0/0
  2732 | D:3      | Learned a level 2 spell: Ensorcelled Hibernation
  3224 | D:3      | Reached skill level 4 in Spellcasting
  3474 | D:4      | Reached XP level 6. HP: 43/43 MP: 0/0
  3765 | D:4      | Found a stormy altar of Qazlal.
  3867 | D:4      | Found a shimmering altar of Xom.
  3870 | D:4      | Found a bloodstained altar of Trog.
  3935 | D:4      | Reached skill level 5 in Spellcasting
  3935 | D:4      | Reached XP level 7. HP: 49/49 MP: 0/0
  3935 | D:4      | Learned a level 2 spell: Searing Ray
  4003 | D:5      | Entered Level 5 of the Dungeon
  4301 | D:5      | Noticed a yak
  4301 | D:5      | Noticed a yak
  4301 | D:5      | Noticed a yak
  4305 | D:5      | Noticed a yak
  4311 | D:5      | Noticed a yak
  4313 | D:5      | Killed a yak
  4314 | D:5      | Reached skill level 6 in Spellcasting
  4314 | D:5      | Reached XP level 8. HP: 47/55 MP: 0/0
  4316 | D:5      | Killed a yak
  4323 | D:5      | Killed a yak
  4400 | D:5      | Killed a yak
  4401 | D:5      | Reached skill level 7 in Spellcasting
  4799 | D:5      | Reached XP level 9. HP: 47/61 MP: 0/0
  4799 | D:5      | Learned a level 4 spell: Animate Dead
  5177 | D:6      | Reached skill level 8 in Spellcasting
  5209 | D:6      | Found an ornate altar of the Wu Jian Council.
  5490 | D:7      | Found a staircase to the Ecumenical Temple.
  5509 | Temple   | Entered the Ecumenical Temple
  5524 | Temple   | Became a worshipper of Gozag Ym Sagoz the Greedy
  5833 | D:7      | Noticed Harold
  5844 | D:7      | Killed Harold
  5845 | D:7      | Reached skill level 9 in Spellcasting
  5845 | D:7      | Reached XP level 10. HP: 13/67 MP: 0/0
  6306 | D:7      | Found a runed translucent door.
  6307 | D:7      | Noticed Crazy Yiuf
  6313 | D:7      | Killed Crazy Yiuf
  6392 | D:8      | Noticed Gastronok
  6481 | D:8      | Found a staircase to the Lair.
  6483 | D:8      | Noticed Maurice
  6490 | D:8      | Noticed a two-headed ogre
  6491 | D:8      | Noticed Grum
  6492 | D:8      | Reached skill level 10 in Spellcasting
  6587 | D:8      | Killed Maurice
  6588 | D:8      | Reached skill level 5 in Fighting
  6643 | D:8      | Killed a two-headed ogre
  6644 | D:8      | Reached skill level 1 in Short Blades
  6647 | D:8      | Killed Grum
  6719 | D:8      | Reached XP level 11. HP: 61/76 MP: 0/0
  6719 | D:8      | Learned a level 5 spell: Summon Forest
  6756 | D:8      | Killed Gastronok
  6757 | D:8      | Reached skill level 11 in Spellcasting
  7208 | D:9      | Noticed a two-headed ogre
  7210 | D:9      | Killed a two-headed ogre
  7276 | D:9      | Reached skill level 12 in Spellcasting
  7977 | D:9      | Found a blossoming altar of Fedhas.
  7979 | D:9      | Bought a scroll of magic mapping for 49 gold pieces
  7979 | D:9      | Bought a scroll of identify for 28 gold pieces
  7979 | D:9      | Bought 2 scrolls of teleportation for 84 gold pieces
  7979 | D:9      | Bought a scroll of identify for 28 gold pieces
  7979 | D:9      | Bought a scroll of holy word for 105 gold pieces
  7998 | D:10     | Entered Level 10 of the Dungeon
  8413 | D:10     | Found a staircase to the Orcish Mines.
  8805 | D:11     | Noticed a two-headed ogre
  8808 | D:11     | Noticed a cyclops
  8819 | D:10     | Reached XP level 12. HP: 54/83 MP: 0/0
  8884 | D:10     | Killed a two-headed ogre
  9030 | D:11     | Reached skill level 13 in Spellcasting
  9151 | D:11     | Noticed an ogre mage
  9152 | D:11     | Noticed a tengu warrior
  9165 | D:11     | Killed an ogre mage
  9165 | D:11     | Killed a tengu warrior
  9335 | D:11     | Noticed a two-headed ogre
  9337 | D:11     | Killed a two-headed ogre
  9465 | D:11     | Noticed a six-headed hydra
  9469 | D:11     | Killed a six-headed hydra
  9891 | D:12     | Noticed Frances
  9904 | D:12     | Killed Frances
  9905 | D:12     | Reached skill level 5 in Dodging
  9905 | D:12     | Reached XP level 13. HP: 42/90 MP: 0/0
  9905 | D:12     | Learned a level 5 spell: Lee's Rapid Deconstruction
 10105 | D:12     | Noticed a centaur warrior
 10110 | D:12     | Killed a centaur warrior
 10111 | D:12     | Reached skill level 14 in Spellcasting
 10697 | D:12     | Noticed Snorg
 10709 | D:12     | Killed Snorg
 10807 | D:13     | Identified the +2 leather armour "Lyvvuhy" {rF+ Will+}
 11100 | D:13     | Noticed a centaur warrior
 11104 | D:13     | Killed a centaur warrior
 11179 | D:13     | Noticed a four-headed hydra
 11184 | D:13     | Killed a four-headed hydra
 11535 | D:14     | Found a gate to the Vaults.
 11569 | D:14     | Noticed a centaur warrior
 11584 | D:14     | Shot with an arrow by a centaur warrior

Illustrated notes

Levels and vault maps discovered:
D:1:      amcnicky_arrival_flooded_fountain, layout_basic, nrook_loot_triangle
D:2:      layout_basic, hellmonk_ecumenical_altar_arch_garden,
          hangedman_feature_mirror
D:3:      layout_basic, amcnicky_altar_gilded, uniq_robin
D:4:      cheibrodos_quashed, layout_cave_pools, mainiacjoe_overflow_brackets,
          grunt_temple_overflow_diamond, minmay_misc_feat_plants,
          hangedman_abyss_or_decor_stabs, chequers_serial_rivers_room_a,
          minmay_manual_mess
D:5:      layout_basic, serial_rivers, chequers_serial_rivers_room_b,
          chequers_serial_rivers_small_b, chequers_serial_rivers_large_a,
          chequers_serial_rivers_small_3, minmay_door_square,
          kennysheep_minor_cross, hangedman_decor_push
D:6:      layout_basic, mainiacjoe_overflow_six_doors_small
D:7:      layout_loops_corners, minmay_temple_entry_ruins,
          hangedman_decor_points, uniq_crazy_yiuf_cottage, uniq_harold
D:8:      layout_rooms, erik_lair_island, uniq_grum, uniq_gastronok,
          uniq_maurice
D:9:      layout_long_grid, kennysheep_mini
D:10:     layout_loops_ring, zombieorc2_lemuel
D:11:     layout_rooms, minmay_the_grid_2x2 [minmay_the_grid_minigrid_large,
          minmay_the_grid_medium_cups, minmay_the_grid_outer_circle,
          minmay_the_grid_prize_inner_circle]
D:12:     layout_irregular_city, roderic_batcave, uniq_frances, uniq_snorg
D:13:     layout_gridville, small_statue_intersection, skrybe_limestone_x,
          dk_noncrumbling_4, nicolae_sif_muna_little_library
D:14:     layout_roguey [special_room_orc], erik_vaults_1
Temple:   eino_wide_crystal_templ

Skill      XL: |  1  2  3  4  5  6  7  8  9 10 11 12 13 |
---------------+----------------------------------------+-----
Spellcasting   | 3 4 5 6 7 9 10 12 13 14 | 14.6
Fighting       | 1 2 3 4 5 6 7 |  7.9
Stealth        | 2 3 4 |  4.1
Dodging        | 3 5 |  5.6
Short Blades   | 1 |  1.0
Long Blades    | |  0.8
Axes           | |  0.3
Armour         | |  0.4
Evocations     | |  0.6

Action                   |  1- 3 |  4- 6 |  7- 9 | 10-12 | 13-15 || total
-------------------------+-------+-------+-------+-------+-------++-------
Melee: Unarmed           |     2 |       |       |       |       ||     2
       Short sword       |       |       |     6 |     8 |       ||    14
       Long sword        |       |       |       |     9 |       ||     9
       Battleaxe         |       |       |       |       |     2 ||     2
 Cast: Foxfire           |    91 |   157 |    33 |       |       ||   281
       Sticky Flame      |       |       |    12 |    32 |    10 ||    54
       Fireball          |       |       |    37 |   204 |    48 ||   289
       Ensorcelled Hiber |       |       |     1 |     1 |       ||     2
       Summon Forest     |       |       |       |     5 |     9 ||    14
       Searing Ray       |       |       |       |     4 |       ||     4
Invok: Call Merchant     |       |       |       |     1 |       ||     1
       Potion Petition   |       |       |       |     1 |       ||     1
Evoke: Wand              |       |       |     3 |       |       ||     3
  Use: Potion            |       |     4 |     1 |     3 |     5 ||    13
       Scroll            |       |       |     8 |     6 |     7 ||    21
 Stab: Distracted        |       |       |       |     1 |       ||     1
       Sleeping          |       |       |       |     1 |       ||     1
Armor: Robe              |     2 |    10 |     2 |    18 |     4 ||    36
       Leather armour    |       |       |       |       |     4 ||     4
Dodge: Dodged            |     9 |    24 |    20 |    66 |    28 ||   147
       Rpst.: Long sword |       |       |       |     4 |       ||     4

Table legend: (Time is in decaauts)
 A = Elapsed time spent in this place.
 B = Non-inter-level travel time spent in this place.
 C = Inter-level travel time spent in this place.
 D = Time resting spent in this place.
 E = Time spent auto-exploring this place.
 F = Levels seen in this place.
 G = Mean time per level.
                   A        B        C        D        E       F      G
               +--------+--------+--------+--------+--------+-----+--------+
         Total |  11579 |  11135 |    444 |    229 |   8994 |  15 |  771.9 |
       Dungeon |  11553 |  11120 |    433 |    229 |   8982 |  14 |  825.2 |
        Temple |     25 |     15 |     10 |      0 |     12 |   1 |   25.0 |
               +--------+--------+--------+--------+--------+-----+--------+

Top non-repeatable levels by time:
     D:2: 1317 daAuts
     D:7: 1181 daAuts
     D:1: 1108 daAuts
     D:3: 997 daAuts
    D:11: 946 daAuts
     D:5: 945 daAuts
    D:10: 910 daAuts
    D:12: 863 daAuts
     D:9: 857 daAuts
    D:13: 720 daAuts
     D:8: 561 daAuts
     D:4: 560 daAuts
     D:6: 466 daAuts
    D:14: 116 daAuts
  Temple: 25 daAuts
